cohdb
Replays
Latest Replays
All Replays
Popular Replays
Top Player Replays
Match Explorer
How It Works
Community
CoH3 Stats
Reddit
Sign in to upload your games and track your stats! →
Sign in with Steam
Match 40950972
Unlisted
Match 40950972
Overview
Messages
Build Orders
End
Construct Infanterie Kompanie
MG 42 Machine Gun Team
Selects Terror Battlegroup
Selects Machine Gun Camouflage
MG 42 Machine Gun Team
GrW 34 Mortar Team
Construct Luftwaffe Kompanie
Jäger Squad
Jäger Squad
Jäger Squad
Luftwaffe Officer Quarters
Support Elements
Selects Interrogate
Medical Bunker
Wirbelwind Flakpanzer
Selects Defend the Fatherland
Wirbelwind Flakpanzer
カルト_くん
ㅋㅋㅋㅋㅋㅋㅋㅋㅋ
STG44
LegendPistachios
ToxicCheeseMan
lonely all the way
Bubbciss
BROken-J
0
0
Comments
sign in to comment!
No comments posted yet!